 Dungeon Crawl Stone Soup version 0.22-a0-422-g9628fc8 (webtiles) character file.

39 Joshtr2000 the Vexing (level 3, -2/26 HPs)
             Began as a Hill Orc Enchanter on May 18, 2018.
             Slain by an adder (4 damage)
             ... on level 2 of the Dungeon.
             The game lasted 00:08:02 (1567 turns).

Joshtr2000 the Vexing (Hill Orc Enchanter)          Turns: 1567, Time: 00:08:03

Health: -2/26      AC:  4    Str:  8    XL:     3   Next: 45%
Magic:  5/6        EV: 12    Int: 16    God:
Gold:   46         SH:  0    Dex: 11    Spells: 5/6 levels left

rFire    . . .     SeeInvis .   a - +1 dagger
rCold    . . .     Gourm    .   (no shield)
rNeg     . . .     Faith    .   b - +0 robe
rPois    .         Spirit   .   (no helmet)
rElec    .         Reflect  .   (no cloak)
rCorr    .         Harm     .   (no gloves)
MR       .....                  (no boots)
Stlth    ++........             (no amulet)
HPRegen  0.08/turn              (no ring)
MPRegen  0.10/turn              (no ring)

@: lethally poisoned (-2 -> -14), hasted, very quick
A: talons 1, slimy green scales 1, high mp 1, weak 1
a: no special abilities


You were on level 2 of the Dungeon.
You were very full.

You visited 1 branch of the dungeon, and saw 2 of its levels.

You collected 46 gold pieces.

Inventory:

Hand Weapons
 a - a +1 dagger (weapon)
Missiles
 i - 5 tomahawks (quivered)
Armour
 b - a +0 robe (worn)
Scrolls
 h - 3 scrolls of identify {unknown}
 j - a scroll of enchant weapon {unknown}
 l - 3 scrolls of amnesia {unknown}
Potions
 f - a potion of magic {unknown}
 g - a potion of might {unknown}
 k - a potion of agility {unknown}
 m - a potion of brilliance {unknown}
Comestibles
 d - a ration
 n - a chunk of flesh


   Skills:
 - Level 1.0 Short Blades
 + Level 2.0 Dodging
 - Level 2.4 Stealth
 * Level 2.1 Spellcasting
 * Level 3.6 Hexes


You had 5 spell levels left.
You knew the following spells:

 Your Spells              Type           Power        Failure   Level  Hunger
a - Corona                Hex            ##.....      4%          1    #......

Your spell library contained the following spells:

 Spells                   Type           Power        Failure   Level  Hunger
 Confuse                  Hex            ##......     14%         3    ###....
 Tukima's Dance           Hex            ##......     14%         3    ###....
 Ensorcelled Hibernation  Hex/Ice        #.....       14%         2    ###....
 Dazzling Spray           Conj/Hex       #.....       28%         3    ###....


Dungeon Overview and Level Annotations

Branches:
Dungeon (2/15)

Altars:


Innate Abilities, Weirdness & Mutations

You have sharp toenails.
You are partially covered in slimy green scales. (AC +2)
You have an increased reservoir of magic. (+10% MP)
You are weak. (Str -2)


Message History

The adder closely misses you.
You barely miss the adder.
The adder is heavily wounded.
* * * LOW HITPOINT WARNING * * *
You feel sick. The adder barely misses you. The goblin closely misses you.
You hit the adder.
The adder is almost dead.
* * * LOW HITPOINT WARNING * * *
You feel sick. The adder closely misses you. The goblin barely misses you.
It was a potion of mutation.
You feel extremely strange.
Slimy green scales grow over part of your body.
You feel weaker.
Your toenails lengthen and sharpen.
You feel more energetic.
* * * LOW HITPOINT WARNING * * *
You feel sick. The adder bites you but does no damage.
The goblin barely misses you.
It was a potion of haste.
You feel yourself speed up.
* * * LOW HITPOINT WARNING * * *
You feel sick.
The adder stops glowing.
The adder misses you. The adder bites you.
You die...

#........########.#######
#<..###### #.# #...# #.#
#...#############.#
#...#.............#
#...#.#############
#...#.#.......P..#
#####.÷.....♣≈≈≈.#
###.#.@gP≈≈≈.#
#.#..S.≈≈♣.# #.#...r....#
#.#........# #.+........+
###........# .........#
..........


You could see an adder, a goblin and a rat.

Vanquished Creatures
  An adder (D:2)
  2 giant cockroaches (D:1)
  3 goblins
  3 hobgoblins (D:1)
  A ball python (D:2)
  7 bats
  A frilled lizard (D:1)
  7 kobolds
  3 rats
28 creatures vanquished.

Notes
Turn   | Place    | Note
-------+----------+-------------------------------------------
     0 | D:1      | Joshtr2000 the Hill Orc Enchanter began the quest for the Orb.
     0 | D:1      | Reached XP level 1. HP: 14/14 MP: 3/3
   192 | D:1      | Reached XP level 2. HP: 12/20 MP: 4/4
  1119 | D:1      | Reached XP level 3. HP: 26/26 MP: 6/6
  1566 | D:2      | Gained mutation: You are partially covered in slimy green scales. (AC +2) [potion of mutation]
  1566 | D:2      | Gained mutation: You are weak. (Str -2) [potion of mutation]
  1566 | D:2      | Gained mutation: You have sharp toenails. [potion of mutation]
  1566 | D:2      | Gained mutation: You have an increased reservoir of magic. (+10% MP) [potion of mutation]
  1567 | D:2      | Slain by an adder

Vault maps used:
D:1:      ncdulo_lavacross, skrybe_limestone_x, corexii_item_surrounded_by_moat
D:2:      serial_bayou, serial_bayou_shore_b, serial_bayou_pond_d,
          serial_bayou_shore_a, serial_bayou_lagoon_a, minmay_quantized

Skill      XL: |  1  2  3 |
---------------+----------+-----
Spellcasting   | 2 |  2.1
Dodging        | 2 |  2.0
Short Blades   | |  1.0
Stealth        | |  2.4
Hexes          | |  3.6

Action                   || total
-------------------------++-------
Melee: Dagger            ||   134
 Cast: Corona            ||     9
  Use: Potion            ||     2
 Stab: Sleeping          ||     2
  Eat: Ration            ||     2
       Chunk             ||     2
Armor: Robe              ||    33
Dodge: Dodged            ||   106

Table legend:
 A = Spawn XP
 B = Non-spawn XP
 C = Spawn XP percentage of total XP
 D = Spawn monster count
 E = Non-spawn monster count
 F = Spawn count percentage of total count
 G = Total turns spent on level
                    A         B        C        D         E        F      G
               +---------+---------+-------+---------+---------+-------+---------
         Total |       0 |      56 |   0.0 |       0 |      28 |   0.0 |  1567
               +---------+---------+-------+---------+---------+-------+---------
           D:1 |       0 |      34 |   0.0 |       0 |      21 |   0.0 |  1158
           D:2 |       0 |      22 |   0.0 |       0 |       7 |   0.0 |   409
               +---------+---------+-------+---------+---------+-------+---------
